Cogmind - Beta 9.6 @@@ ROGUE MODE // 2020.08.29 @ 19:49:41 Player: rep Result: Destroyed by H-66 Slayer with Gauss Rifle Performance ------------- Evolutions (4) 2000 Regions Visited (6) 1200 Robots Destroyed (79) 395 Value Destroyed (2755) 2755 Prototype IDs (8) 160 Alien Tech Used (0) 0 Bonus (1477) 1477 TOTAL SCORE: 7987 Bonus ------- High Alert Combat Kills 758 Follower Combat Kills 719 Cogmind --------- Core Integrity 0/850 Matter 192/300 Energy 84/100 System Corruption 0% Temperature Cool (0) Movement Core (350) Ox6 Location -6/Factory Parts ------- > --- POWER (1) -------- (None) > --- PROPULSION (4) --- (None) > --- UTILITY (7) ------ Large Storage Unit Advanced Visual Processing Unit Advanced Signal Interpreter > --- WEAPON (3) ------- Shock Maul > --- INVENTORY (10) --- Angular Momentum Engine Light Angular Momentum Engine Peak State ------------ > --- POWER ------------ Cold Fusion Reactor > --- PROPULSION ------- Carbon-fiber Leg Improved Titanium Leg Improved Titanium Leg Improved Titanium Leg > --- UTILITY ---------- Coolant Injector Medium Storage Unit Large Storage Unit Advanced Visual Processing Unit Advanced Signal Interpreter Improved Terrain Scanner > --- WEAPON ----------- Advanced Beam Rifle Flak Gun Shock Maul > --- INVENTORY -------- Angular Momentum Engine Light Angular Momentum Engine Carbon-fiber Leg Advanced Heat Sink Shock Rifle Heavy Particle Gun Heavy Particle Gun Heavy Particle Gun Plasma Rifle Minigun Flak Gun Coil Gun Assault Cannon Shock Bomb Launcher [Rating: 54] Favorites ----------- Power Light Deuterium Engine Engine Light Deuterium Engine Power Core Light Nuclear Core Reactor Cold Fusion Reactor Propulsion Improved Titanium Leg Leg Improved Titanium Leg Utility Large Storage Unit Device Improved Terrain Scanner Storage Large Storage Unit Processor Advanced Signal Interpreter Protection Light Armor Plating Weapon Flak Gun Energy Gun Heavy Particle Gun Energy Cannon Advanced Beam Cannon Ballistic Gun Flak Gun Ballistic Cannon Assault Cannon Launcher EMP Blaster Impact Weapon Shock Maul Slashing Weapon Mining Claw Build | -11 -10 -9 -8 -8 -8 -6 ------- Run | Scr Mat Mat Mat Sto Rec Fac Slots Evolved 8 | . . 2 2 . . 4 Power . | . . . . . . . Propulsion 2 | . . . 1 . . 1 Utility 5 | . . 1 1 . . 3 Weapon 1 | . . 1 . . . . Parts Attached 123 | 6 6 18 54 12 1 26 Power 7 | 1 . 1 3 1 . 1 Engine 5 | 1 . 1 2 1 . . Core 1 | . . . 1 . . . Reactor 1 | . . . . . . 1 Propulsion 18 | 2 2 2 8 . . 4 Treads . | . . . . . . . Leg 18 | 2 2 2 8 . . 4 Wheel . | . . . . . . . Hover . | . . . . . . . Flight . | . . . . . . . Utility 26 | 1 2 3 12 1 1 6 Device 16 | . . 2 9 . 1 4 Storage 4 | 1 2 . 1 . . . Processor 2 | . . . 1 . . 1 Hackware . | . . . . . . . Protection 4 | . . 1 1 1 . 1 Artifact . | . . . . . . . Weapon 72 | 2 2 12 31 10 . 15 Energy Gun 27 | 2 1 5 11 1 . 7 Energy Cannon 1 | . . . . 1 . . Ballistic Gun 16 | . . 3 9 1 . 3 Ballistic Cannon 6 | . . . 2 3 . 1 Launcher 12 | . 1 3 6 1 . 1 Special Weapon . | . . . . . . . Impact Weapon 6 | . . 1 . 2 . 3 Slashing Weapon 4 | . . . 3 1 . . Piercing Weapon . | . . . . . . . Special Melee Weapon . | . . . . . . . Unidentified Prototypes 8 | . . 1 4 2 . 1 Parts Lost 32 | . . 1 8 . . 23 Power 1 | . . . . . . 1 Propulsion 5 | . . . . . . 5 Utility 7 | . . . 2 . . 5 Weapon 19 | . . 1 6 . . 12 Highest Loss Streak 14 | . . 1 3 . . 14 Average Slot Usage (%) 96 | . 98 95 97 99 100 90 Engine 6 | . 14 11 4 8 9 . Core 1 | . . . 4 . . . Reactor 1 | . . . . . . 4 Leg 25 | . 28 22 27 27 27 21 Device 7 | . . . 14 5 2 10 Storage 18 | . 26 22 18 18 18 12 Processor 5 | . . . 2 9 9 13 Protection 3 | . . 8 1 3 6 3 Energy Gun 12 | . 27 24 8 9 9 7 Ballistic Gun 7 | . . 5 11 8 9 6 Ballistic Cannon 3 | . . . 3 8 9 3 Naked Turns . | . . . . . . . Heaviest Build 53 | 11 39 50 53 44 44 53 Greatest Support 75 | 20 26 26 60 60 60 75 Greatest Overweight (x) 6 | 2 1 1 1 . . 6 Average Overweight (x) . | . . 1 . . . . Largest Inventory Capacity 16 | 6 16 16 16 14 14 14 Average Capacity 14 | 5 15 16 14 14 14 13 Most Carried 16 | 6 9 16 15 14 14 14 Average Carried 12 | 4 6 11 13 13 13 11 Final Capacity 16 | 6 16 16 14 14 14 10 Final Carried 16 | 6 9 16 13 14 14 2 Class Distribution -------------------- 27% | Skirmisher 20% | Mutant 14% | Tank 10% | Commander-Tank 9% | Commander-Skirmisher 6% | Scavenger-Skirmisher 3% | Gunner 3% | Scavenger-Mutant Dominant Class ---------------- Mutant | -10/Materials Tank | -9/Materials Skirmisher | -8/Materials Skirmisher | -8/Storage Commander-Tank | -8/Recycling Commander-Skirmisher | -6/Factory Resources | -11 -10 -9 -8 -8 -8 -6 ----------- Run | Scr Mat Mat Mat Sto Rec Fac Matter Collected 2235 | 245 60 317 991 220 25 377 Remotely . | . . . . . . . Salvage Created 3484 | . 76 610 1625 150 . 1023 Parts 185 | . 5 46 88 8 . 38 Haulers Intercepted 8 | . . 2 4 2 . . Recyclers Shooed 5 | . . . 1 . . 4 Parts Field Recycled . | . . . . . . . Retrieved Matter . | . . . . . . . Parts Self-Destructed . | . . . . . . . Prevented . | . . . . . . . Kills | -11 -10 -9 -8 -8 -8 -6 ------- Run | Scr Mat Mat Mat Sto Rec Fac Combat Hostiles Destroyed 58 | . 2 10 30 1 . 15 Melee 1 | . . 1 . . . . Guns 34 | . 2 4 16 . . 12 Cannons 5 | . . . 4 . . 1 AOE 18 | . . 5 10 1 . 2 Classes Destroyed 11 | . 1 5 3 . . 2 Worker 3 | . . 2 1 . . . Builder 4 | . . 3 1 . . . Hauler 8 | . . 2 4 2 . . Recycler 3 | . . . 1 . . 2 Watcher 3 | . . 2 1 . . . Swarmer 9 | . . . 6 . . 3 Grunt 34 | . 2 8 17 1 . 6 Duelist 1 | . . . 1 . . . Sentry 8 | . . 2 6 . . . Hunter 5 | . . . . . . 5 Programmer 1 | . . . . . . 1 Best Kill Streak 6 | . 2 5 6 1 . 5 Combat Bots Only 5 | . 2 3 5 1 . 4 Max Kills in Single Turn 4 | . 1 3 4 1 . 2 Gunslinging 1 | . . . 1 . . . Exploded 3 | . . 2 3 1 . 1 Melee 1 | . . 1 . . . . Uniques/NPCs Destroyed . | . . . . . . . Combat | -11 -10 -9 -8 -8 -8 -6 -------- Run | Scr Mat Mat Mat Sto Rec Fac Damage Taken 5561 | . 11 620 1386 82 . 3462 Core 1133 | . . 90 174 . . 869 Absorbed by Shields . | . . . . . . . Core Remaining (%) 86 | 100 100 77 . . 68 . Volleys Fired 166 | . 5 34 70 7 2 48 Largest 3 | . 2 3 3 3 3 3 Hottest 174 | . 90 140 127 135 127 174 Shots Fired 438 | . 10 80 191 21 6 130 Gun 351 | . 9 70 145 12 4 111 Cannon 46 | . . . 24 7 2 13 Launcher 41 | . 1 10 22 2 . 6 Special . | . . . . . . . Kinetic 210 | . . 8 120 12 4 66 Thermal 122 | . 4 36 18 7 2 55 Explosive 17 | . 1 10 6 . . . Electromagnetic 89 | . 5 26 47 2 . 9 Robot Hit Streak 11 | . 3 9 11 3 . 9 Robot Miss Streak 17 | . 2 3 5 4 16 17 Penetration Max 2 | . . . . . . 2 Secondary Targets 1 | . . . 1 . . . Max Gunslinging Chain 1 | . . . 1 . . . Shots Hit Robots 284 | . 4 58 120 10 . 92 Core Hits 210 | . 5 33 91 9 1 71 Critical Hits 3 | . . 1 1 . . 1 Critical Kills 2 | . . 1 1 . . . Critical Parts Destroyed 1 | . . . . . . 1 Melee Attacks 25 | . . 2 12 2 . 9 Impact 12 | . . 2 . 1 . 9 Slashing 13 | . . . 12 1 . . Piercing . | . . . . . . . Sneak Attacks . | . . . . . . . Combat Hostiles . | . . . . . . . Follow-up Attacks . | . . . . . . . Damage Inflicted 7074 | . 65 1203 2700 328 7 2771 Guns 3805 | . 59 636 1216 125 7 1762 Cannons 404 | . . . 219 45 . 140 Explosions 2708 | . 6 533 1265 158 . 746 Melee 155 | . . 34 . . . 121 Ramming 2 | . . . . . . 2 Kinetic 2209 | . . 49 869 88 7 1196 Thermal 2167 | . 12 431 631 82 . 1011 Explosive 665 | . 6 373 286 . . . Electromagnetic 1876 | . 47 316 914 158 . 441 Impact 155 | . . 34 . . . 121 Slashing . | . . . . . . . Piercing . | . . . . . . . Highest Corruption . | . . . . . . . Average Corruption . | . . . . . . . Corruption Purged . | . . . . . . . Overload Shots . | . . . . . . . Overflow Damage 220 | . . . 52 . . 168 Projectiles . | . . . . . . . Explosions 186 | . . . 52 . . 134 Melee 34 | . . . . . . 34 Knockbacks 9 | . . . 4 . . 5 Impact 1 | . . . . . . 1 Kinetic 7 | . . . 4 . . 3 Secondary 1 | . . . . . . 1 Self-Inflicted Damage 135 | . . 19 18 . . 98 Shots 4 | . . 1 2 . . 1 Rammed . | . . . . . . . Targets Rammed 1 | . . . . . . 1 Kicked 1 | . . . . . . 1 Crushed . | . . . . . . . Highest Temperature 405 | . 66 405 391 129 60 180 Average Temperature 78 | . 29 112 65 39 36 68 Received Heat Transfer 1374 | . 6 291 531 27 . 519 Effects 4 | . . . 4 . . . Energy Bleed 1 | . . . 1 . . . Interference 3 | . . . 3 . . . Siege Activations . | . . . . . . . Robots Corrupted . | . . . . . . . Combat Hostiles . | . . . . . . . Parts Fried 8 | . . 2 2 . . 4 Impact Corruptions 1 | . . . . . . 1 Robots Melted . | . . . . . . . Combat Hostiles . | . . . . . . . Parts Melted 6 | . . 1 1 . . 4 Heat Transferred 3213 | . 37 966 771 185 . 1254 Parts Sabotaged . | . . . . . . . Parts Stolen . | . . . . . . . Parts Stripped . | . . . . . . . Power Chain Reactions 6 | . . 1 5 . . . Missiles Intercepted . | . . . . . . . Alert | -11 -10 -9 -8 -8 -8 -6 ------- Run | Scr Mat Mat Mat Sto Rec Fac Peak Influence 1343 | . 127 305 616 956 492 1343 Average Influence 506 | . 66 144 404 559 424 1190 Maximum Alert Level 4 | . . 1 2 3 2 4 Low Security (%) 24 | 100 100 76 6 . . . Level 1 19 | . . 23 26 31 31 . Level 2 32 | . . . 66 41 68 . Level 3 3 | . . . . 26 . . Level 4 19 | . . . . . . 100 Level 5 . | . . . . . . . High Security . | . . . . . . . Max Security . | . . . . . . . Squads Dispatched 14 | . 1 2 2 5 . 4 Investigation 3 | . . 1 1 1 . . Extermination 1 | . . . . . . 1 Reinforcement 6 | . 1 1 1 1 . 2 Assault 1 | . . . . . . 1 Garrison 3 | . . . . 3 . . Intercept . | . . . . . . . Construction Impeded 2 | . . . . . . 2 Haulers Reinforced . | . . . . . . . Stealth | -11 -10 -9 -8 -8 -8 -6 --------- Run | Scr Mat Mat Mat Sto Rec Fac Distress Signals 5 | . . . 2 2 . 1 Communications Jammed . | . . . . . . . Distress Signals . | . . . . . . . Times Spotted 114 | . 4 14 44 23 5 24 Peak Tracking Total 11 | . 1 3 11 4 3 5 Tactical Retreats 9 | . . . 7 1 . 1 Traps | -11 -10 -9 -8 -8 -8 -6 ------- Run | Scr Mat Mat Mat Sto Rec Fac Traps Triggered 5 | . . 1 3 . . 1 Indirectly 1 | . . . 1 . . . Trap Hack Attempts . | . . . . . . . Triggered . | . . . . . . . Disarmed . | . . . . . . . Reprogrammed . | . . . . . . . Reused . | . . . . . . . Traps Extracted . | . . . . . . . Installed . | . . . . . . . Triggered . | . . . . . . . Machines | -11 -10 -9 -8 -8 -8 -6 ---------- Run | Scr Mat Mat Mat Sto Rec Fac Machines Disabled 16 | . . 1 4 5 . 6 Max in Single Turn 4 | . . 1 2 1 . 4 Machines Sabotaged . | . . . . . . . Garrisons Compromised . | . . . . . . . Overloaded Fab Kills . | . . . . . . . Fab Network Shutdowns . | . . . . . . . Hacking | -11 -10 -9 -8 -8 -8 -6 --------- Run | Scr Mat Mat Mat Sto Rec Fac Machines Accessed 17 | . 2 5 3 3 2 2 Terminals 15 | . 2 5 2 3 2 1 Fabricators . | . . . . . . . Repair Stations 1 | . . . . . . 1 Recycling Units 1 | . . . 1 . . . Scanalyzers . | . . . . . . . Garrison Access . | . . . . . . . Total Hacks 43 | . 5 9 8 7 6 8 Successful 26 | . 3 7 4 5 2 5 Failed 16 | . 2 2 4 1 4 3 Catastrophic 1 | . . 1 . . . . Database Lockouts 1 | . . . . 1 . . Manual 27 | . 5 7 4 4 3 4 Terminals 38 | . 5 9 7 7 6 4 Fabricators . | . . . . . . . Repair Stations 4 | . . . . . . 4 Recycling Units 1 | . . . 1 . . . Scanalyzers . | . . . . . . . Garrison Access . | . . . . . . . Terminal Hacks 14 | . 1 4 3 4 2 . Record 2 | . . . . 2 . . Robot Analysis 1 | . . . . . 1 . Open Door 1 | . . . . 1 . . Level Access Points 1 | . . 1 . . . . Branch Access Points 4 | . 1 1 1 1 . . Alert Level 3 | . . 1 1 . 1 . Unreport Threat 2 | . . 1 1 . . . Fabricator Hacks . | . . . . . . . Repair Station Hacks 4 | . . . . . . 4 Scan Component 2 | . . . . . . 2 Repair 2 | . . . . . . 2 Recycling Unit Hacks . | . . . . . . . Scanalyzer . | . . . . . . . Garrison Access Hacks . | . . . . . . . Unauthorized Hacks 8 | . 2 3 1 1 . 1 Terminals 8 | . 2 3 1 1 . 1 Botnet 8 | . 2 3 1 1 . 1 Fabricators . | . . . . . . . Repair Stations . | . . . . . . . Recycling Units . | . . . . . . . Scanalyzers . | . . . . . . . Garrison Access . | . . . . . . . Data Cores Recovered . | . . . . . . . Used . | . . . . . . . Hacking Detections 8 | . 2 1 1 1 2 1 Full Trace Events 1 | . . . 1 . . . Feedback Events . | . . . . . . . Feedback Blocked . | . . . . . . . Robot Schematics Acquired . | . . . . . . . Robots Built . | . . . . . . . Matter . | . . . . . . . Time . | . . . . . . . Total Robot Build Rating . | . . . . . . . Part Schematics Acquired . | . . . . . . . Parts Built . | . . . . . . . Matter . | . . . . . . . Time . | . . . . . . . Total Part Build Rating . | . . . . . . . Parts Repaired 2 | . . . . . . 2 Time 58 | . . . . . . 58 Parts Recycled . | . . . . . . . Recycled Matter . | . . . . . . . Retrieved Matter . | . . . . . . . Retrieved Components . | . . . . . . . Parts Scanalyzed . | . . . . . . . Part Schematics Acquired . | . . . . . . . Parts Damaged . | . . . . . . . Bothacking | -11 -10 -9 -8 -8 -8 -6 ------------ Run | Scr Mat Mat Mat Sto Rec Fac Used RIF Installer . | . . . . . . . Robots Hacked . | . . . . . . . Non-combat . | . . . . . . . Combat . | . . . . . . . Robot Hacks Applied . | . . . . . . . Relay Couplers Released . | . . . . . . . Robots Rewired . | . . . . . . . Allies Hacked . | . . . . . . . Hacks Repelled . | . . . . . . . Allies | -11 -10 -9 -8 -8 -8 -6 -------- Run | Scr Mat Mat Mat Sto Rec Fac Total Allies 12 | . . . . 12 . . Largest Group 11 | . . . . 11 10 9 Highest-Rated Group 272 | . . . . 272 256 157 Highest-Rated Ally 99 | . . . . 99 99 29 Total Orders 4 | . . . . . 4 . GOTO 1 | . . . . . 1 . FOLLOW 1 | . . . . . 1 . GUARD 2 | . . . . . 2 . Ally Attacks 205 | . . . . 74 92 39 Total Damage 4009 | . . . . 1974 630 1405 Kills 43 | . . . . 22 12 9 Allies Corrupted . | . . . . . . . Allies Melted . | . . . . . . . Intel | -11 -10 -9 -8 -8 -8 -6 ------- Run | Scr Mat Mat Mat Sto Rec Fac Robot Analysis Total 1 | . . . . . 1 . Derelict Logs Recovered . | . . . . . . . Drone Launches . | . . . . . . . Drone Recoveries . | . . . . . . . Exploration | -11 -10 -9 -8 -8 -8 -6 ------------- Run | Scr Mat Mat Mat Sto Rec Fac Turns Passed 3463 | 66 223 627 1081 459 319 688 Spaces Moved 1804 | 47 132 315 531 268 197 314 Core 20 | 19 . . . . . 1 Treads . | . . . . . . . Legs 1784 | 28 132 315 531 268 197 313 Wheels . | . . . . . . . Hover . | . . . . . . . Flight . | . . . . . . . Fastest Speed 50 | 50 120 150 120 130 130 127 Average Speed 134 | 110 147 150 129 130 130 129 Slowest Speed 350 | 150 150 150 150 130 130 350 Overloaded Moves . | . . . . . . . Propulsion Burnouts . | . . . . . . . Robots Hopped . | . . . . . . . Cave-ins Triggered . | . . . . . . . Exploration Rate (%) 27 | 4 26 33 35 36 45 13 Regions Visited 6 Branch Regions 2 Pre-discovered Areas . | . . . . . . . Known Exits Taken 4 | . . 1 1 1 1 . Unknown Exits Taken 2 | 1 1 . . . . . Scrap Searched . | . . . . . . . Spaces Dug 10 | . . . 7 . . 3 Terrain Destroyed 223 | . 12 74 106 4 1 26 Melee 10 | . . . 7 . . 3 Projectile 17 | . . . 7 4 1 5 AOE 196 | . 12 74 92 . . 18 Actions | -11 -10 -9 -8 -8 -8 -6 --------- Run | Scr Mat Mat Mat Sto Rec Fac Total 2449 | 58 150 398 751 357 256 479 Wait 197 | . . 3 24 53 52 65 Move 1798 | 46 131 314 530 267 196 314 Hop . | . . . . . . . Pick Up 75 | 6 4 17 30 6 2 10 Fast Attach 16 | 6 1 1 6 1 . 1 Attach 33 | . . 3 13 . . 17 Detach 4 | . . 1 2 1 . . Swap 74 | . 5 14 35 11 1 8 Drop 56 | . 4 9 29 6 2 6 Fire 166 | . 5 34 70 7 2 48 Melee 25 | . . 2 12 2 . 9 Ram . | . . . . . . . Kick 1 | . . . . . . 1 Crush . | . . . . . . . Escape Stasis . | . . . . . . . Rewire 4 | . . . . 3 1 . Trap . | . . . . . . . Miscellaneous . | . . . . . . . Route ------- -11/Scrapyard -10/Materials (discovered 3 exits: *Mat / Min x2) -9/Materials (discovered 4 exits: *Mat x3 / Min) -8/Materials (discovered 2 exits: *Sto x2) -8/Storage -8/Recycling -6/Factory History --------- Turn | Location | Event 24 | -11/Scrapyard | Discovered new exit (range 15) 67 | -11/Scrapyard | Entered Materials 229 | -10/Materials | Discovered new exit (range 16) 246 | -10/Materials | Identified exit to Mines 290 | -10/Materials | Entered another Materials area 290 | -9/Materials | Evolved 2 slots: Utility x1, Weapon x1 425 | -9/Materials | Identified exit to Mines 802 | -9/Materials | Build established: Tank 850 | -9/Materials | Identified exit to Materials 917 | -9/Materials | Entered another Materials area 917 | -8/Materials | Evolved 2 slots: Propulsion x1, Utility x1 925 | -8/Materials | Discovered new exit (range 14) 1467 | -8/Materials | Build established: Skirmisher 1542 | -8/Materials | Lost 3 parts (2u1w) 1685 | -8/Materials | Identified exit to Storage 1998 | -8/Materials | Entered Storage 2008 | -8/Storage | Met 01-MTF 2144 | -8/Storage | Garrison activated, responded to threat 2317 | -8/Storage | Assisted by bots powering up and referring to "LRC-V3" 2317 | -8/Storage | Identified exit to Recycling 2431 | -8/Storage | Central database locked down 2449 | -8/Storage | Used back door to open Recycling access 2457 | -8/Storage | Entered Recycling 2457 | -8/Recycling | Accompanied by 10 allies 2462 | -8/Recycling | 01-MTF left 2496 | -8/Recycling | Spotter reported a threat 2501 | -8/Recycling | Spotter reported a threat 2522 | -8/Recycling | Spotter reported a threat 2522 | -8/Recycling | Spotter reported a threat 2528 | -8/Recycling | Spotter reported a threat 2535 | -8/Recycling | Spotter reported a threat 2551 | -8/Recycling | Spotter reported a threat 2554 | -8/Recycling | Spotter reported a threat 2616 | -8/Recycling | Build established: Commander-Tank 2621 | -8/Recycling | Spotter reported a threat 2622 | -8/Recycling | Spotter reported a threat 2631 | -8/Recycling | Spotter reported a threat 2656 | -8/Recycling | Spotter reported a threat 2656 | -8/Recycling | Spotter reported a threat 2704 | -8/Recycling | Spotter reported a threat 2704 | -8/Recycling | Spotter reported a threat 2708 | -8/Recycling | Discovered new exit (range 16) 2709 | -8/Recycling | Spotter reported a threat 2726 | -8/Recycling | Identified exit to Factory 2776 | -8/Recycling | Entered Factory 2776 | -6/Factory | Accompanied by 9 allies 2776 | -6/Factory | Evolved 4 slots: Propulsion x1, Utility x3 2976 | -6/Factory | Build established: Commander-Skirmisher 3126 | -6/Factory | First assault squad dispatched 3226 | -6/Factory | Repaired Imp. Terrain Scanner 3254 | -6/Factory | Repaired Lgt. Armor Plating 3370 | -6/Factory | Lost 8 parts (3n1u4w) 3434 | -6/Factory | Core integrity fell below 50% 3455 | -6/Factory | Core integrity fell below 20% 3464 | -6/Factory | Destroyed by H-66 Slayer with Gauss Rifle Last Messages --------------- 03448_ Med. Storage Unit destroyed. 03448_ Penetrated by Slug. 03449_ K-01 Serf collects debris. 03449_ R-10 Processor collects Phase Shifter. 03451_ Penetrated by Slug. 03451_ Coolant Injector destroyed. 03451_ Penetrated by Slug. 03452_ K-01 Serf collects debris. 03453_ R-10 Processor collects Flexi-carbon Leg. 03454_ Penetrated by Slug. 03454_ Adv. Heat Sink destroyed. 03455_ Slug penetrates Wall. 03456_ K-01 Serf collects debris. 03457_ Destroyed Phase Shifter. 03457_ H-66 Slayer system corrupted by crushing effect. 03457_ H-66 Slayer knocked back. 03457_ Slug penetrates Wall. 03459_ K-01 Serf collects debris. 03461_ Penetrated by Slug. 03462_ K-01 Serf collects debris. Map ----- +----------------------------------------------------+ | ?????????????????????????????????????????????????? | | ?????????????????????????????????????????????????? | | ?????????????????????????????????????????????????? | | ?????????????????????????????????????????????????? | | ?????????????????????????????????????????????????? | | ?????????????????????????????????????????????????? | | ?????????????????????????????????????????????????? | | ?????????????????????????????????????????????????? | | ?????????????????????????????????????????????????? | | ?????????????????????????????????????????????????? | | ??????????????????????????""?????????????????????? | | ??????????????????????????""?????????????????????? | | ??????????????????????????""?????????????????????? | | ?????????????????????????? ?????????????????????? | | ???????????????????????###+###???????????????????? | | ???????????????????????# #???????????????????? | | ???????????????????????# #???????????????????? | | ???????????????????????# #???????????????????? | | ???????????????????????# #???????????????????? | | ??????????????????????? #???????????????????? | | ???????????????????????# #???????????????????? | | ???????????????????????# #????"""????????????? | | ???????????????????????# #?? """"????????????? | | ???????????????????????# # """"????????????? | | ?????????????????????### + """"????????????? | | ??????????????????####"# @h #???????????????????? | | ??????????????????# # % #???????????????????? | | ?????????????????## # % #???????????????????? | | ?????????? ???????# # #???????????????????? | | ??????????????????# #%h #???????????????????? | | ?????????#????#???# # #???????????????????? | | ?????????# ??????## +%% %*#???????????????????? | | ???#######/###?#### #% % =#???????????????????? | | ???# ??+ + # % k #??#????????????????? | | ???? # # #% u #???????????????????? | | ????? ?# ###### ###########?????????? | | ?????? # ??????? | | ????????"" """" # ?????? | | ????????"" """" " % ??????? | | ????????"" """" # ??????? | | ????????"" """" # ???????? | | ????????"" """"?### #+#####+##########/#+#???????? | | ???? ????" """" ??# # #???????????????? | | ????????"" """??#?# #% #???????????????? | | ????? ??? ? ??# #% #???????????????? | | ???????#??###??#??# # #???????????????? | | ?????#?############/# #???????????????? | | ?????#?# # #???? ??????????? | | ???????# ! # #???????????????? | | ???????# # #???????????????? | +----------------------------------------------------+ Best States ------------- Heat Dissipation 56 Coolant Potential 65 Energy Generation 17 Energy Capacity 200 Matter Stores 300 Matter Capacity 300 Sight Range 20 Robot Scan Range 16 Terrain Scan Range 20 Terrain Scan Density 10 Armor Coverage 150 Evasion (%) 40 Item Schematics ----------------- None Robot Schematics ------------------ None Fabricated ------------ Nothing Alien Tech Used ----------------- None Achievements -------------- Part-time Excavator \\IAMDERELICT Challenges ------------ None Game ------ Seed PowerHardlightMapper Manual? 0 Play Time 01:26:30 Cumulative 17.5 hours Start 2020.08.29 @ 18:21:23 End 2020.08.29 @ 19:49:41 Sessions 1 Manual Loads 0 Difficulty Rogue Special Mode None Game No. 12 Rogue 12 Adventurer 0 Explorer 0 Win Type - Total 0 Types 0/0/0/0/0/0/0 Lore% 9 Gallery% 20 Achievement% 16 Wizard Run 0 Options --------- ASCII 0 Keyboard 1 Movement Numpad Keybinds 1 Fullscreen 2 Font 18/Terminus Map View 76x50 Tactical HUD 1 Map Filters NONE Filters NONE Steam 1 RUN: d4b52e22-8c81-460b-9cd9-0b3c0064b213